AoeStats
← peagle

Arabian Desert

510676615Analyzed
1v1 RM · 5h ago on Oct 2, 2026· 31m 36s· 2 players
Game mode
Random Map
Map size
Tiny (2 player)
Population
200
Speed
Normal
Resources
Standard
Victory
Conquest
Starting age
Dark Age
Ending age
Imperial Age
RankedLock teamsTeams togetherTeam positionsShared explorationLock speedFull tech treeHidden civsTurbo modeCheats
Victory
Defeat
🇨🇴 Shu · Colombia
799
+15
🇺🇸 Danes · United States
774
-15
peagle
8:17 Loom
11:02 Feudal Age
11:17 Man-at-Arms
11:51 Arson
18:22 Fletching
18:34 Padded Archer Armor
19:27 Double-Bit Axe
20:04 Scale Mail Armor
24:20 Castle Age
27:01 Gambesons
PowerfulFoot395
7:59 Loom
10:06 Feudal Age
11:49 Double-Bit Axe
17:55 Fletching
20:05 Padded Archer Armor
24:00 Castle Age
22:50 Gold Mining
24:42 Bodkin Arrow
24:09 Crossbowman
25:36 Leather Archer Armor
26:38 Thumb Ring
27:17 Horse Collar
31:13 Wheelbarrow
Connection lost

Rejoining the realm…

Still unreachable

The connection could not be restored.

Session expired

The server has moved on; the page needs a fresh start.